 Dungeon Crawl Stone Soup version 0.26-a0-812-g31a745ddcd (webtiles) character file.

Game seed: 12453363005982096441

103603 gbos the Fighter (level 15, -1/122 HPs)
             Began as a Demonspawn Earth Elementalist on Nov 14, 2020.
             Was the Champion of Vehumet.
             Slain by a shock serpent (13 damage)
             ... on level 1 of the Snake Pit on Nov 15, 2020.
             The game lasted 01:39:00 (40432 turns).

gbos the Fighter (Demonspawn Earth Elementalist)   Turns: 40432, Time: 01:39:01

Health: -1/122     AC: 17    Str:  9    XL:     15   Next: 89%
Magic:  19/29      EV: 18    Int: 27    God:    Vehumet [******]
Gold:   1625       SH:  7    Dex: 14    Spells: 1/34 levels left

rFire    . . .     SeeInvis +   T - +8 whip "Snakebite" {curare, rPois, =f}
rCold    . . .     Faith    .   K - +2 buckler {AC+3}
rNeg     + + +     Spirit   .   l - +3 leather armour {MR+}
rPois    +         Reflect  .   (helmet unavailable)
rElec    .         Harm     .   p - +2 ratskin cloak {*Rats rPois rN+ Str-1 Int-1 Dex+1}
rCorr    .         Rampage  .   J - +0 pair of gloves
MR       ++...                  A - +0 pair of boots
Stlth    +++.......             (no amulet)
HPRegen  0.30/turn              s - ring "Xusoch" {Wiz rN++ Slay+3 Stlth+}
MPRegen  0.21/turn              O - +6 ring of intelligence

@: mighty, flying
A: antennae 3, slimy green scales 2, demonic guardian 2, powered by death 2
a: Renounce Religion


You were on level 1 of the Snake Pit.
You worshipped Vehumet.
Vehumet was exalted by your worship.
You visited 5 branches of the dungeon, and saw 25 of its levels.
You also visited: Gauntlet and Ice Cave.

You collected 2643 gold pieces.
You spent 1018 gold pieces at shops.


Innate Abilities, Weirdness & Mutations

You have a pair of large antennae on your head. (SInv)
You are mostly covered in slimy green scales. (AC +3)
A demonic guardian rushes to your aid.
You regenerate health from kills.


   Skills:
 + Level 12.4 Fighting
 - Level 12.0 Maces & Flails
 + Level 10.3 Dodging
 - Level 1.7 Stealth
 - Level 4.0 Shields
 - Level 10.0 Spellcasting
 + Level 7.2 Conjurations
 - Level 6.0 Necromancy
 - Level 4.0 Translocations
 - Level 0.8 Transmutations
 - Level 2.0 Air Magic
 + Level 11.9 Earth Magic
 - Level 2.0 Poison Magic


You had one spell level left.
You knew the following spells:

 Your Spells              Type           Power        Failure   Level
b - Blink                 Tloc           N/A          1%          2
c - Fireball              Conj/Fire      ####......   4%          5
u - Irradiate             Conj/Tmut      #####.....   4%          5
x - Iron Shot             Conj/Erth      ######....   2%          6
y - Borgnjor's Vile Clut  Necr/Erth      ######....   1%          5
C - Mephitic Cloud        Conj/Pois/Air  ####....     1%          3
N - Passwall              Tmut/Erth      #####...     1%          2
X - Lee's Rapid Deconstr  Erth           ######....   1%          5

Your spell library contained the following spells:

 Spells                   Type           Power        Failure   Level
 Starburst                Conj/Fire      ####......   22%         6
 Magic Dart               Conj           ####         1%          1
 Sandblast                Erth           ######       1%          1
 Shock                    Conj/Air       ####         1%          1
 Corona                   Hex            ##.....      2%          1
 Summon Small Mammal      Summ           ##..         2%          1
 Corpse Rot               Necr/Air       N/A          1%          2
 Swiftness                Air            ###.....     1%          2
 Conjure Flame            Conj/Fire      ####....     1%          3
 Dazzling Flash           Conj/Hex       ####..       1%          3
 Gell's Gravitas          Tloc           #####.....   1%          3
 Static Discharge         Conj/Air       #####...     1%          3
 Stone Arrow              Conj/Erth      ######       1%          3
 Animate Dead             Necr           #####.....   1%          4
 Petrify                  Tmut/Erth      #####...     1%          4
 Bolt of Magma            Conj/Fire/Erth #####.....   1%          5
 Iskenderun's Battlesphe  Conj           ######..     1%          5
 Call Imp                 Summ           ##......     3%          2
 Ensorcelled Hibernation  Hex/Ice        ##....       3%          2
 Slow                     Hex            ##......     3%          2
 Airstrike                Air            ###.......   3%          4
 Lightning Bolt           Conj/Air       #####.....   3%          5
 Call Canine Familiar     Summ           ##......     8%          3
 Confusing Touch          Hex            ##......     8%          3
 Summon Guardian Golem    Hex/Summ       ##......     8%          3
 Tukima's Dance           Hex            ##......     8%          3
 Yara's Violent Unravell  Hex/Tmut       ###.......   14%         5
 Conjure Ball Lightning   Conj/Air       #####.....   14%         6
 Summon Lightning Spire   Summ/Air       ###.....     16%         4
 Cause Fear               Hex            ##........   24%         4
 Summon Ice Beast         Ice/Summ       ##......     24%         4
 Freezing Cloud           Conj/Ice/Air   ####......   26%         6
 Statue Form              Tmut/Erth      #####....    26%         6
 Orb of Destruction       Conj           ######....   26%         7
 Summon Forest            Summ/Tloc      ###.......   28%         5
 Death Channel            Necr           #####.....   30%         6
 Silence                  Hex/Air        ###.......   38%         5
 Metabolic Englaciation   Hex/Ice        ##........   52%         5
 Ozocubu's Refrigeration  Ice            ##........   61%         6
 Spellforged Servitor     Conj/Summ      ####......   67%         7
 Simulacrum               Ice/Necr       ####......   69%         6
 Eringya's Noxious Bog    Tmut/Pois      ###.......   87%         6
 Hydra Form               Tmut           ###.......   92%         6
 Dragon Form              Tmut           ###.......   100%        7
 Summon Hydra             Summ           ##........   100%        7
 Discord                  Hex            ##........   100%        8
 Tornado                  Air            ###.......   100%        9

Inventory:

Hand Weapons
 d - the +6 spear of Destiny {vorpal, rElec rC- Dex+4 SInv}

   It inflicts extra damage upon your enemies.
   It affects your dexterity (+4).
   It makes you vulnerable to cold.
   It insulates you from electricity.
   It lets you see invisible.
 S - a +3 scimitar of flaming
 T - the +8 whip "Snakebite" (weapon) {curare, rPois, =f}

   It poisons the flesh of those it strikes.
   It protects you from poison.
Missiles
 b - 9 silver javelins (quivered)
 k - 7 curare-tipped darts {=f}
 F - a throwing net {=f}
Armour
 l - a +3 leather armour of magic resistance (worn)
 p - the +2 ratskin cloak (worn) {*Rats rPois rN+ Str-1 Int-1 Dex+1}

   It affects your strength (-1).
   It affects your intelligence (-1).
   It affects your dexterity (+1).
   It protects you from poison.
   It protects you from negative energy.
 A - a +0 pair of boots (worn)
 C - the +1 ring mail of Servitude {*Contam Int+6 Slay+3}

   It affects your intelligence (+6).
   It affects your accuracy and damage with ranged weapons and melee attacks
   (+3).
   It causes magical contamination when unequipped.
 J - a +0 pair of gloves (worn)
 K - a +2 buckler of protection (worn)
Jewellery
 c - an uncursed ring of protection from magic
 s - the ring "Xusoch" (left hand) {Wiz rN++ Slay+3 Stlth+}

   [ring of wizardry]

   It improves your spell success rate.
   It affects your accuracy and damage with ranged weapons and melee attacks
   (+3).
   It greatly protects you from negative energy.
   It makes you more stealthy.
 y - an uncursed ring of protection from cold
 O - a +6 ring of intelligence (right hand)
Wands
 t - a wand of acid (11)
 P - a wand of disintegration (5)
 Q - a wand of paralysis (13)
 V - a wand of digging (4)
Scrolls
 a - 4 scrolls of blinking
 f - 9 scrolls of remove curse
 i - 4 scrolls of amnesia
 n - 8 scrolls of enchant armour
 o - 3 scrolls of magic mapping
 v - 4 scrolls of immolation {!r}
 D - 12 scrolls of teleportation {unknown}
 H - 2 scrolls of enchant weapon {unknown}
 L - 2 scrolls of fog
 M - 13 scrolls of identify {@r1}
 R - 2 scrolls of torment {unknown}
 Z - 3 scrolls of fear
Potions
 e - 6 potions of lignification {!q}
 g - 8 potions of heal wounds {@q2}
 j - 6 potions of mutation {!q}
 m - 3 potions of brilliance
 q - 7 potions of flight
 r - 3 potions of berserk rage {!q}
 u - a potion of haste {@q3}
 w - a potion of magic
 x - 2 potions of ambrosia
 z - 6 potions of curing {@q1}
 B - 2 potions of attraction {!q}
 I - 5 potions of invisibility
 N - a potion of resistance
 U - 5 potions of might
 X - 2 potions of cancellation
Miscellaneous
 h - a box of beasts
 G - a condenser vane

Dungeon Overview and Level Annotations

Branches:
Dungeon (15/15) Temple (1/1) D:4 Lair (6/6) D:9 Swamp (0/4) Lair:4 Snake (1/4) Lair:3 Slime (0/5) Lair:5 Orc (2/2) D:10 Elf (0/3) Orc:2 Vaults (0/5) D:12 D:13 Depths (0/5) D:15 IceCv (visited) Gauntlet (visited)

Altars:
Ashenzari
Cheibriados
Dithmenos
Elyvilon
Fedhas
Gozag
Hepliaklqana
Kikubaaqudgha
Makhleb
Nemelex Xobeh
Okawaru
Qazlal
Ru
Sif Muna
Trog
Uskayaw
Vehumet
Wu Jian
Xom
Yredelemnul
Zin
The Shining One
Beogh
Jiyva

Shops:
D:6 (   D:7 [   D:9 (   Orc:2 ![!:

Annotations:
D:13 exclusion: door
Lair:3 Rupert
Lair:5 3 runed translucent doors, Kaive's ghost, journeyman MiFi; Vapoigau's ghost, journeyman HOFi
Lair:6 5 runed translucent doors, casual's ghost, journeyman PaFi
Snake:1 exclusion: obsidian statue, Jorgrun

▒▒▒▒▒▒.
......▒
▒▒▒.▒....▒
▒▒▒▒.N....4..
▒....gS...8..
▒.63.....▒
▒▒▒..r...N
......▒
......S
...▒▒▒▒ ▒▒▒▒


You could see Jorgrun, a naga sharpshooter, an obsidian statue, an anaconda, a
shock serpent, a rust devil (summoned), a sixfirhy (summoned), a naga and a
friendly hell rat.


Message History

The blast of obsidian shards hits the naga sharpshooter!!
The naga sharpshooter is almost dead.
You hear a shout!
You hear an angry hiss.
You hear a shout!
You hear an angry hiss.
You hear a shout!
You hear a shout!
You hear an angry hiss.
The sixfirhy hits you but does no damage.
The naga sharpshooter unwields a +0 halberd.
The naga sharpshooter wields a +0 shortbow.
The naga sharpshooter mumbles some strange words.
The naga sharpshooter magically shoots an arrow.
The arrow hits you!
* * * LOW HITPOINT WARNING * * *
An anaconda comes into view.
The sixfirhy hits you.
* * * LOW HITPOINT WARNING * * *
The sixfirhy shocks you!
* * * LOW HITPOINT WARNING * * *
The sixfirhy hits you!
* * * LOW HITPOINT WARNING * * *
The sixfirhy shocks you!
* * * LOW HITPOINT WARNING * * *
The sixfirhy hits you but does no damage.
The shock serpent bites you!
* * * LOW HITPOINT WARNING * * *
The shock serpent shocks you!
You die...

Action                   |  1- 3 |  4- 6 |  7- 9 | 10-12 | 13-15 || total
-------------------------+-------+-------+-------+-------+-------++-------
Melee: Short sword       |    75 |       |       |       |       ||    75
       Dagger            |    19 |   472 |   398 |    15 |       ||   904
       Scimitar          |       |       |       |    33 |       ||    33
       Whip              |       |       |       |   367 |  1120 ||  1487
 Cast: Sandblast         |    35 |    49 |    44 |     4 |    14 ||   146
       Stone Arrow       |     1 |     3 |    94 |   123 |   198 ||   419
       Passwall          |       |       |     2 |     1 |       ||     3
       Mephitic Cloud    |       |       |     1 |    12 |     1 ||    14
       Lee's Rapid Decon |       |       |       |     7 |    82 ||    89
       Iron Shot         |       |       |       |       |    75 ||    75
       Fireball          |       |       |       |       |     4 ||     4
       Borgnjor's Vile C |       |       |       |       |     3 ||     3
Evoke: Wand              |       |       |     6 |    10 |     1 ||    17
       Condenser vane    |       |       |       |       |     1 ||     1
  Use: Potion            |     1 |       |     1 |     3 |     9 ||    14
       Scroll            |       |     7 |    11 |     6 |    10 ||    34
 Stab: Sleeping          |       |     5 |     1 |     3 |     6 ||    15
       Distracted        |       |     1 |       |     1 |     8 ||    10
       Confused          |       |       |     1 |    14 |     1 ||    16
       Invisible         |       |       |       |       |     2 ||     2
Armor: Robe              |    45 |    93 |       |    53 |       ||   191
       Skin              |    10 |       |       |       |       ||    10
       Ring mail         |       |    85 |    92 |       |       ||   177
       Leather armour    |       |       |    97 |    88 |   235 ||   420
Dodge: Dodged            |    88 |   350 |   234 |   293 |   685 ||  1650
Block: Buckler           |       |       |    79 |   151 |   275 ||   505
       Rpst.: Scimitar   |       |       |       |     7 |       ||     7

Levels and vault maps discovered:
D:1:      dpeg_arrival_tiny_h, layout_basic, chequers_serial_rivers_large_b
D:2:      layout_loops_cross, marbit_many_paths
D:3:      cheibrodos_thug_alley, layout_basic, nicolae_overflow_crystal_walls,
          nicolae_overflow_hidden_temple, grunt_decor_arrowhead
D:4:      layout_basic, lemuel_doored_altar, minmay_temple_entry_stoned_glass
D:5:      layout_cave_pools
D:6:      layout_loops_ring, grunt_temple_overflow_open, serial_shops, shop,
          enter_ossuary_3
D:7:      layout_basic, serial_shops, nicolae_shop_crystal, uniq_maggie
D:8:      layout_layer_cave, kennysheep_mini, solitary_fountain
D:9:      layout_loops_corners, david_lair_generic, serial_shops, shop,
          tso_metal_star, uniq_maurice
D:10:     layout_roguey, david_orc_1_choice
D:11:     layout_stronghold, gauntlet_entry_generic
D:12:     cheibrodos_statue_roulette, layout_basic
D:13:     layout_basic, david_vaults_3, minmay_three_doors, uniq_nessos,
          uniq_erolcha
D:14:     layout_roguey [special_room_orc], small_statue_intersection,
          minmay_fractal_squares_diagonal_5
D:15:     grunt_enter_depths_magical_seal, layout_basic,
          minmay_stone_trees_medium, serial_bayou_lake_a
Temple:   jpeg_temple_clearing
Lair:1:   minmay_guarded_unrand_snakebite, layout_misc_corridors,
          chequers_serial_rivers_room_b, grunt_megastairs_5, uniq_erica
Lair:2:   layout_chaotic_city, serial_rivers, chequers_serial_rivers_small_a,
          chequers_serial_rivers_micro_d, chequers_serial_rivers_room_b,
          chequers_serial_rivers_micro_b, chequers_serial_rivers_micro_e,
          disabler_island
Lair:3:   layout_gridlike, minmay_snake_entry_guardpost_large,
          portal_ice_cave_entry_imps, uniq_rupert, uniq_nergalle, uniq_fannar
Lair:4:   layout_hall_layers, minmay_swamp_entry_worms
Lair:5:   layout_regular_city, slime_altar_1, gammafunk_ghost_cemetery,
          basic_altar, serial_rivers, chequers_serial_rivers_small_b,
          chequers_serial_rivers_micro_c, chequers_serial_rivers_room_b,
          chequers_serial_rivers_marsh
Lair:6:   cheibrodos_lair_end_hotspot, layout_gridlike,
          gammafunk_ghost_necromancy, patterned_corridor
Snake:1:  layout_misc_corridors, serial_shops, shop, dpeg_stationary_puzzle,
          serial_bayou_shore_b, uniq_jorgrun, uniq_kirke, uniq_aizul
Orc:1:    layout_diamond_mine, uniq_sonja
Orc:2:    kennysheep_orc_mage_school, layout_diamond_mine

Notes
Turn   | Place    | Note
-------+----------+-------------------------------------------
     0 | D:1      | gbos the Demonspawn Earth Elementalist began the quest for
                  | the Orb.
     0 | D:1      | Reached XP level 1. HP: 13/13 MP: 3/3
   125 | D:1      | Reached skill level 3 in Earth Magic
   130 | D:1      | Gained mutation: You regenerate a little health from kills.
                  | [demonic ancestry]
   130 | D:1      | Reached XP level 2. HP: 13/20 MP: 3/5
   315 | D:1      | Reached skill level 1 in Fighting
   734 | D:1      | Gained mutation: You are partially covered in slimy green
                  | scales. (AC +2) [demonic ancestry]
   734 | D:1      | Reached XP level 3. HP: 26/26 MP: 4/6
  1322 | D:1      | Learned a level 2 spell: Passwall
  1798 | D:1      | HP: 11/39 [poisoned by an adder]
  1804 | D:1      | HP: 11/40 [poisoned by an adder]
  1810 | D:1      | HP: 10/40 [poisoned by an adder]
  1817 | D:1      | HP: 9/40 [poisoned by an adder]
  1825 | D:1      | HP: 8/40 [poisoned by an adder]
  2255 | D:1      | Learned a level 3 spell: Stone Arrow
  2625 | D:2      | Reached skill level 4 in Earth Magic
  2625 | D:2      | Gained mutation: A weak demonic guardian rushes to your
                  | aid. [demonic ancestry]
  2625 | D:2      | Reached XP level 4. HP: 17/33 MP: 7/7
  2896 | D:2      | Found a blossoming altar of Fedhas.
  2977 | D:2      | HP: 8/33 [worm (10)]
  2981 | D:2      | Reached skill level 2 in Fighting
  4267 | D:3      | Reached skill level 1 in Conjurations
  4358 | D:3      | Found an opulent altar of Gozag.
  4793 | D:3      | Reached XP level 5. HP: 30/39 MP: 6/8
  5167 | D:3      | Found a shimmering blue altar of Sif Muna.
  5918 | D:4      | Found a staircase to the Ecumenical Temple.
  5986 | Temple   | Entered the Ecumenical Temple
  6138 | D:4      | Found a bloodstained altar of Trog.
  6415 | D:4      | Noticed a phantom
  6469 | D:4      | Killed a phantom
  6469 | D:4      | Reached skill level 3 in Fighting
  6469 | D:4      | Reached skill level 2 in Conjurations
  6469 | D:4      | Gained mutation: You have a pair of small antennae on your
                  | head. [demonic ancestry]
  6469 | D:4      | Reached XP level 6. HP: 18/47 MP: 5/9
  7204 | D:5      | Entered Level 5 of the Dungeon
  7525 | D:5      | Noticed a sky beast
  7535 | D:5      | Killed a sky beast
  7535 | D:5      | Reached skill level 3 in Conjurations
  7535 | D:5      | Reached skill level 5 in Earth Magic
  8044 | D:5      | Learned a level 2 spell: Blink
  8367 | D:6      | Reached skill level 4 in Fighting
  8367 | D:6      | Reached XP level 7. HP: 34/54 MP: 1/10
  8582 | D:5      | Reached skill level 1 in Translocations
  8939 | D:6      | Reached skill level 2 in Translocations
  9459 | D:6      | Reached skill level 4 in Conjurations
  9515 | D:6      | HP: 9/55 [gnoll/+0 flail (9)]
  9516 | D:6      | Reached skill level 5 in Fighting
  9919 | D:6      | Found a hide-covered altar of Uskayaw.
  9919 | D:6      | Found a radiant altar of Vehumet.
  9919 | D:6      | Found a glowing silver altar of Zin.
  9919 | D:6      | Found a sacrificial altar of Ru.
  9969 | D:6      | Found a shadowy altar of Dithmenos.
  9970 | D:6      | Found a snail-covered altar of Cheibriados.
  9975 | D:6      | Became a worshipper of Vehumet
 10077 | D:6      | HP: 13/56 [shadow imp/nerve-wracking pain (11)]
 10296 | D:6      | Found Muetsaek's Antique Weapon Boutique.
 10502 | D:7      | Found Vessument's Antique Armour Shoppe.
 10510 | D:7      | Bought a shiny buckler for 165 gold pieces
 10561 | D:7      | Gained mutation: You regenerate health from kills. [demonic
                  | ancestry]
 10561 | D:7      | Reached XP level 8. HP: 59/62 MP: 6/11
 10610 | D:7      | Reached skill level 1 in Shields
 10610 | D:7      | Reached skill level 6 in Earth Magic
 10816 | D:7      | Bought a dyed leather armour for 110 gold pieces
 11279 | D:7      | Reached skill level 2 in Shields
 11343 | D:7      | Identified +0 steam dragon scales
 11343 | D:7      | Noticed Maggie
 11365 | D:7      | Killed Maggie
 11655 | D:7      | Reached skill level 3 in Shields
 11655 | D:7      | Reached skill level 3 in Spellcasting
 11783 | D:7      | Identified the cursed +1 scale mail of Jigsaw {Harm} (You
                  | found it on level 7 of the Dungeon)
 13178 | D:8      | Learned a level 3 spell: Mephitic Cloud
 13286 | D:8      | Reached skill level 6 in Fighting
 13286 | D:8      | Gained mutation: A demonic guardian rushes to your aid.
                  | [demonic ancestry]
 13286 | D:8      | Reached XP level 9. HP: 54/69 MP: 14/14
 13388 | D:8      | Reached skill level 4 in Shields
 13483 | D:8      | Reached skill level 1 in Air Magic
 13483 | D:8      | Reached skill level 1 in Poison Magic
 14130 | D:8      | Reached * piety under Vehumet
 14130 | D:8      | Offered knowledge of Foxfire by Vehumet.
 14340 | D:8      | Found a shimmering altar of Xom.
 14521 | D:8      | Reached skill level 4 in Spellcasting
 14566 | D:8      | Reached skill level 7 in Earth Magic
 14921 | D:9      | Reached skill level 2 in Dodging
 14928 | D:9      | Learned a level 5 spell: Lee's Rapid Deconstruction
 14962 | D:9      | Noticed a troll
 14966 | D:9      | Killed a troll
 15014 | D:9      | Found a staircase to the Lair.
 15026 | D:9      | Noticed an elephant
 15028 | D:9      | Reached skill level 2 in Air Magic
 15028 | D:9      | Reached skill level 2 in Poison Magic
 15046 | D:9      | Killed an elephant
 15046 | D:9      | Reached skill level 3 in Dodging
 15208 | D:9      | Found Letireu's Antique Weapon Shoppe.
 15268 | D:9      | Noticed a two-headed ogre
 15286 | D:9      | Killed a two-headed ogre
 15286 | D:9      | Reached skill level 7 in Fighting
 15286 | D:9      | Reached skill level 5 in Conjurations
 15404 | D:9      | Reached XP level 10. HP: 79/79 MP: 12/16
 15472 | D:9      | Found a glowing golden altar of the Shining One.
 15824 | D:9      | Noticed Maurice
 15829 | D:9      | Paralysed by Maurice for 5 turns
 15832 | D:9      | Killed Maurice
 16131 | Lair:1   | Entered Level 1 of the Lair of Beasts
 16210 | Lair:1   | Noticed a black mamba
 16218 | Lair:1   | Killed a black mamba
 16218 | Lair:1   | Reached skill level 4 in Dodging
 16301 | Lair:1   | Noticed Erica
 16308 | Lair:1   | Killed Erica
 16308 | Lair:1   | Reached skill level 8 in Earth Magic
 16406 | Lair:1   | Reached skill level 3 in Translocations
 16491 | Lair:1   | Reached skill level 6 in Conjurations
 16628 | Lair:1   | Noticed a cane toad
 16633 | Lair:1   | Killed a cane toad
 16633 | Lair:1   | Reached skill level 8 in Fighting
 16633 | Lair:1   | Noticed an eight-headed hydra
 16640 | Lair:1   | Killed an eight-headed hydra
 16642 | Lair:1   | Reached skill level 5 in Dodging
 16907 | Lair:1   | Reached skill level 4 in Translocations
 17074 | Lair:1   | Noticed a black mamba
 17078 | Lair:1   | Killed a black mamba
 17183 | Lair:1   | Found the +8 whip "Snakebite" {curare, rPois}
 17185 | Lair:1   | Reached XP level 11. HP: 87/87 MP: 7/17
 17641 | Lair:2   | Reached ** piety under Vehumet
 17641 | Lair:2   | Offered knowledge of Freeze by Vehumet.
 17784 | Lair:2   | Reached skill level 1 in Maces & Flails
 18180 | Lair:2   | Noticed a six-headed hydra
 18190 | Lair:2   | Killed a six-headed hydra
 18475 | Lair:2   | Identified a potion of resistance
 18589 | Lair:3   | Reached skill level 9 in Earth Magic
 18590 | Lair:3   | Reached skill level 2 in Maces & Flails
 18647 | Lair:3   | Noticed Fannar
 18677 | Lair:3   | Killed Fannar
 18677 | Lair:3   | Reached skill level 9 in Fighting
 18677 | Lair:3   | Reached skill level 6 in Dodging
 18680 | Lair:3   | HP: 13/89 [cane toad (21)]
 18996 | Lair:3   | Found a frozen archway.
 19023 | IceCv    | Entered an ice cave
 19086 | IceCv    | Offered knowledge of Frozen Ramparts by Vehumet.
 19174 | IceCv    | Reached skill level 5 in Spellcasting
 19211 | IceCv    | Reached skill level 3 in Maces & Flails
 19379 | IceCv    | Reached *** piety under Vehumet
 19954 | IceCv    | Gained mutation: You have a pair of antennae on your head.
                  | [demonic ancestry]
 19954 | IceCv    | Reached XP level 12. HP: 88/96 MP: 20/20
 19975 | IceCv    | Reached skill level 4 in Maces & Flails
 19986 | IceCv    | Offered knowledge of Ignite Poison by Vehumet.
 19986 | IceCv    | Reached skill level 7 in Dodging
 20135 | IceCv    | Noticed a death yak
 20147 | IceCv    | Killed a death yak
 20147 | IceCv    | Reached skill level 6 in Spellcasting
 20197 | IceCv    | Noticed a white draconian
 20210 | IceCv    | Killed a white draconian
 20210 | IceCv    | Reached skill level 10 in Fighting
 20900 | Lair:3   | Noticed a five-headed hydra
 20908 | Lair:3   | Killed a five-headed hydra
 20908 | Lair:3   | Reached skill level 10 in Earth Magic
 20911 | Lair:3   | Reached skill level 5 in Maces & Flails
 20999 | Lair:3   | Noticed Rupert
 21106 | Lair:3   | Reached **** piety under Vehumet
 21113 | Lair:3   | Offered knowledge of Bolt of Magma by Vehumet.
 21438 | Lair:3   | Noticed Nergalle
 21444 | Lair:3   | Killed Nergalle
 21575 | Lair:3   | Found a staircase to the Snake Pit.
 21993 | Lair:4   | Reached skill level 8 in Dodging
 22393 | Lair:4   | Got a warped spear
 22394 | Lair:4   | Identified the +6 spear of Destiny {vorpal, rElec rC- Dex+4
                  | SInv} (You found it on level 4 of the Lair of Beasts)
 22635 | Lair:5   | Found a runed translucent gate.
 22640 | Lair:5   | Found a viscous altar of Jiyva.
 22641 | Lair:5   | Found a staircase to the Slime Pits.
 22663 | Lair:5   | Reached skill level 6 in Maces & Flails
 22712 | Lair:5   | Noticed an eight-headed hydra
 22721 | Lair:5   | Killed an eight-headed hydra
 23014 | Lair:5   | Gained mutation: You have a pair of large antennae on your
                  | head. (SInv) [demonic ancestry]
 23014 | Lair:5   | Reached XP level 13. HP: 97/105 MP: 18/22
 23077 | Lair:5   | Found a snail-covered altar of Cheibriados.
 23126 | Lair:5   | Learned a level 5 spell: Borgnjor's Vile Clutch
 23141 | Lair:6   | Entered Level 6 of the Lair of Beasts
 23235 | Lair:5   | Reached skill level 1 in Necromancy
 23405 | Lair:5   | Reached skill level 11 in Fighting
 23727 | Lair:5   | Found a runed translucent gate.
 23727 | Lair:5   | Found a runed translucent gate.
 23817 | Lair:5   | Reached skill level 2 in Necromancy
 23973 | Lair:5   | Noticed Kaive's ghost (journeyman MiFi)
 23973 | Lair:5   | Noticed Vapoigau's ghost (journeyman HOFi)
 23973 | Lair:5   | Noticed Kaive's ghost (journeyman MiFi)
 24421 | Lair:6   | Reached skill level 3 in Necromancy
 24427 | Lair:6   | Reached ***** piety under Vehumet
 24427 | Lair:6   | Offered knowledge of Olgreb's Toxic Radiance by Vehumet.
 24714 | Lair:6   | Reached skill level 4 in Necromancy
 24714 | Lair:6   | Reached skill level 11 in Earth Magic
 24994 | Lair:6   | Found a runed translucent gate.
 24994 | Lair:6   | Found a runed translucent gate.
 24994 | Lair:6   | Found a runed translucent gate.
 24995 | Lair:6   | Noticed casual's ghost (journeyman PaFi)
 25149 | Lair:6   | Reached skill level 9 in Dodging
 25232 | Lair:6   | Reached skill level 7 in Maces & Flails
 25611 | Lair:6   | Reached skill level 5 in Necromancy
 25849 | Lair:6   | Noticed a fire dragon
 25850 | Lair:6   | Found a large runed translucent door.
 25955 | Lair:6   | Found a large runed translucent door.
 26159 | Lair:6   | Reached skill level 6 in Necromancy
 27318 | Lair:4   | Found a staircase to the Swamp.
 27845 | D:10     | Entered Level 10 of the Dungeon
 28097 | D:10     | Found a staircase to the Orcish Mines.
 28223 | D:10     | Offered knowledge of Fireball by Vehumet.
 28249 | D:10     | Reached XP level 14. HP: 114/114 MP: 23/23
 28407 | D:10     | Learned a level 5 spell: Fireball
 28426 | D:10     | Identified +0 steam dragon scales
 28827 | D:11     | Found a gate leading to a gauntlet.
 28850 | Gauntlet | Entered a Gauntlet
 28850 | Gauntlet | Found a transporter.
 28855 | Gauntlet | Found a transporter.
 28857 | Gauntlet | Found a transporter.
 28873 | Gauntlet | Found a transporter.
 28875 | Gauntlet | Found a transporter.
 28884 | Gauntlet | Found a transporter.
 28901 | Gauntlet | Found a transporter.
 28905 | Gauntlet | Found a runed translucent door.
 28912 | Gauntlet | Found a transporter.
 28924 | Gauntlet | Found the +2 ratskin cloak {*Rats rPois rN+ Str-1 Int-1
                  | Dex+1}
 28924 | Gauntlet | Found a transporter.
 28925 | Gauntlet | Noticed a reaper
 28995 | Gauntlet | Found a transporter.
 28996 | Gauntlet | Found a transporter.
 29028 | Gauntlet | Found a transporter.
 29031 | Gauntlet | Found a transporter.
 29079 | Gauntlet | Found a transporter.
 29362 | Gauntlet | Killed a reaper
 29595 | Gauntlet | Identified the Tome of Cold
 29596 | Gauntlet | Got a transparent copper ring
 29599 | Gauntlet | Identified the ring "Xusoch" {Wiz rN++ Slay+3 Stlth+} (You
                  | found it in a Gauntlet)
 30101 | D:11     | Reached skill level 8 in Maces & Flails
 30265 | D:11     | Reached skill level 7 in Spellcasting
 31474 | D:12     | Reached skill level 9 in Maces & Flails
 32661 | D:13     | Found a gate to the Vaults.
 32661 | D:13     | Noticed Nessos
 32661 | D:13     | Noticed Urug
 32778 | D:12     | Reached skill level 8 in Spellcasting
 32791 | D:13     | Noticed Erolcha
 32826 | D:12     | Killed Urug
 32826 | D:12     | Reached skill level 10 in Maces & Flails
 32917 | D:13     | Killed Erolcha
 32919 | D:13     | Killed Nessos
 33049 | D:13     | Offered knowledge of Spellforged Servitor by Vehumet.
 33122 | D:13     | Noticed an iron dragon
 33498 | D:13     | Identified the +1 ring mail of Servitude {*Contam Int+6
                  | Slay+3} (You found it on level 13 of the Dungeon)
 33552 | D:13     | Learned a level 6 spell: Iron Shot
 34206 | D:13     | Reached skill level 11 in Maces & Flails
 34346 | D:14     | Gained mutation: You are mostly covered in slimy green
                  | scales. (AC +3) [demonic ancestry]
 34346 | D:14     | Reached XP level 15. HP: 120/120 MP: 14/27
 34629 | D:14     | Reached skill level 9 in Spellcasting
 35196 | D:14     | Identified the +3 plate armour "Ceyss" {rPois rC- Dex+4
                  | Slay+2} (You found it on level 14 of the Dungeon)
 35742 | D:14     | Reached ****** piety under Vehumet
 35748 | D:14     | Offered knowledge of Starburst by Vehumet.
 35805 | D:14     | Found a roughly hewn altar of Beogh.
 35951 | D:15     | Entered Level 15 of the Dungeon
 36498 | D:15     | HP: 31/120 [yaktaur/bolt (11)]
 36823 | D:15     | Reached skill level 10 in Spellcasting
 36830 | D:15     | Learned a level 5 spell: Irradiate
 36874 | D:15     | Reached skill level 12 in Maces & Flails
 36947 | D:15     | Reached skill level 12 in Fighting
 37587 | D:15     | Reached skill level 10 in Dodging
 37749 | D:15     | Found a staircase to the Depths.
 38047 | Orc:1    | Entered Level 1 of the Orcish Mines
 38091 | Orc:1    | Offered knowledge of Starburst by Vehumet.
 38223 | Orc:2    | Entered Level 2 of the Orcish Mines
 38251 | Orc:2    | HP: 19/121 [orc knight/+3 great sword of holy wrath (43)]
 38892 | Orc:2    | Found a staircase to the Elven Halls.
 39079 | Orc:2    | Reached skill level 7 in Conjurations
 39090 | Orc:2    | Identified a +2 robe of the Archmagi
 39138 | Orc:2    | Found an ancient bone altar of Kikubaaqudgha.
 39182 | Orc:2    | Found Udoojaff's Distillery.
 39213 | Orc:2    | Found a radiant altar of Vehumet.
 39271 | Orc:2    | Bought a potion of heal wounds for 60 gold pieces
 39271 | Orc:2    | Bought a potion of heal wounds for 60 gold pieces
 39294 | Orc:2    | Found a roughly hewn altar of Beogh.
 39294 | Orc:2    | Found Kentewoarch's Distillery.
 39405 | Orc:2    | Found Kunet's Antique Armour Shop.
 39407 | Orc:2    | Bought a potion of heal wounds for 70 gold pieces
 39407 | Orc:2    | Bought a potion of heal wounds for 70 gold pieces
 39423 | Orc:2    | Bought a translucent leather armour for 161 gold pieces
 39433 | Orc:2    | Identified the +3 leather armour of the Wasteland {Int+3}
                  | (You bought it in a shop on level 2 of the Orcish Mines)
 39433 | Orc:2    | Bought a polished leather armour for 161 gold pieces
 39443 | Orc:2    | Identified the +1 leather armour "Arphil" {Str+6 Dex+2}
                  | (You bought it in a shop on level 2 of the Orcish Mines)
 39443 | Orc:2    | Bought a faintly glowing leather armour for 161 gold pieces
 39453 | Orc:2    | Identified the cursed +1 leather armour "Vian Limm" {Int+3
                  | Dex+4 Stlth+} (You bought it in a shop on level 2 of the
                  | Orcish Mines)
 39496 | Orc:2    | Found Axtewiq's Book Shop.
 39907 | Orc:1    | Noticed Sonja
 39912 | Orc:1    | Killed Sonja
 40089 | Orc:1    | Offered knowledge of Starburst by Vehumet.
 40392 | Snake:1  | Entered Level 1 of the Snake Pit
 40392 | Snake:1  | Noticed Jorgrun
 40432 | Snake:1  | HP: 29/122 [sixfirhy[an obsidian statue] (9)]
 40432 | Snake:1  | HP: 12/122 [shock serpent (17)]
 40432 | Snake:1  | Slain by a shock serpent

Vanquished Creatures
  Nessos (D:13)
  A white draconian (IceCv)
  A minotaur (Gauntlet)
  7 hydras
  2 catoblepae
  3 boulder beetles
  Erica (Lair:1)
  3 centaur warriors
  3 ogre magi
  4 two-headed ogres
  A death yak (IceCv)
  An orc high priest (Orc:2)
  Urug (D:12)
  Sonja (Orc:1)
  10 skeletal warriors
  7 unseen horrors
  2 lindwurms (Lair:6)
  2 orc knights (Orc:2)
  2 wizards
  A deep elf mage (D:15)
  8 orc sorcerers
  3 ugly things
  7 cyclopes
  A manticore (D:14)
  8 elephants
  An ice statue (IceCv)
  5 black mambas
  A naga mage (D:15)
  8 gargoyles
  2 molten gargoyles (Lair:6)
  Maggie (D:7)
  7 cane toads
  3 rime drakes (Lair:6)
  11 komodo dragons
  2 kobold demonologists
  3 yaktaurs (D:15)
  3 efreet
  A hellwing (Gauntlet)
  A hornet (D:14)
  20 polar bears
  A tyrant leech (Lair:4)
  3 meliai (D:14)
  11 trolls
  4 blink frogs (Lair:3)
  4 dream sheep
  A meliai zombie (D:15)
  A centaur simulacrum (Gauntlet)
  A redback (D:13)
  2 water elementals (D:15)
  6 wyverns
  A vampire (D:13)
  15 humans
  2 wraiths
  30 yaks
  7 basilisks
  6 vampire mosquitoes
  4 steam dragons
  4 nagas (Lair:3)
  3 wargs
  3 swamp worms (Lair:4)
  15 water moccasins
  A hell hound (Lair:6)
  27 orc warriors
  3 sky beasts
  2 black bears
  An ice beast (D:10)
  An ogre (shapeshifter) (D:14)
  4 phantoms
  8 ogres
  An eye of draining (D:13)
  41 wolves
  11 centaurs
  A gnoll sergeant (D:10)
  3 big kobolds
  18 bullfrogs
  4 scorpions
  33 wights
  11 killer bees (D:10)
  3 electric eels (Lair:2)
  A howler monkey (D:9)
  A quasit (D:12)
  4 lava snakes (Lair:6)
  A bullfrog zombie (D:5)
  A gnoll shaman (D:7)
  4 hounds
  2 jellies
  4 centaur skeletons
  2 centaur zombies
  14 orc priests
  A wyvern simulacrum (Gauntlet)
  44 orc wizards
  5 iguanas
  10 worker ants
  3 hell rats
  A bullfrog simulacrum (Gauntlet)
  2 hound zombies
  2 howler monkey zombies
  10 gnolls
  A worker ant zombie (D:9)
  A howler monkey skeleton (D:11)
  14 adders
  5 shadow imps
  10 white imps
  2 ufetubi (D:5)
  An ooze (D:1)
  An adder skeleton (D:4)
  4 worms
  3 dart slugs (D:1)
  5 leopard geckos
  90 orcs
  7 giant cockroaches
  10 goblins
  6 hobgoblins
  13 jackals
  25 kobolds
  8 quokkas
  4 ball pythons
  9 bats
  A frilled lizard (D:5)
  A giant cockroach zombie (D:6)
  6 rats
786 creatures vanquished.

Vanquished Creatures (collateral kills)
  A reaper (Gauntlet)
  Erolcha (D:13)
  Fannar (Lair:3)
  2 hydras
  2 two-headed ogres
  Nergalle (Lair:3)
  3 skeletal warriors
  An orc sorcerer (Orc:2)
  7 elephants
  2 black mambas (Lair:6)
  Maurice (D:9)
  2 cane toads
  3 komodo dragons
  2 trolls
  2 polar bears (IceCv)
  8 dream sheep
  8 yaks
  A wyvern (D:9)
  A human (D:13)
  A basilisk (Lair:2)
  2 wargs
  A water moccasin (Lair:3)
  2 hell hounds (Lair:6)
  An ice beast (D:6)
  2 black bears (D:9)
  An orc warrior (Orc:2)
  An ogre (Orc:2)
  8 wolves
  A centaur (D:14)
  A big kobold (D:13)
  A bullfrog (D:9)
  3 wights (D:13)
  An orc priest (Orc:1)
  An orc wizard (D:3)
  2 hell rats (Lair:6)
  A worker ant (D:6)
  5 white imps (Lair:3)
  A leopard gecko (D:6)
  13 orcs
  A jackal (D:7)
  2 quokkas (D:6)
  3 kobolds (D:13)
104 creatures vanquished.

Vanquished Creatures (others)
  A centaur (D:12)
  An orc wizard (Orc:2)
  23 fungi
  58 plants
  3 withered plants (Gauntlet)
86 creatures vanquished.

Grand Total: 976 creatures vanquished
